Match 25043179
Unlisted

Match 25043179
End
Vickers Machine Gun Team
Construct Section Command Post
Infantry Section
Grenade Package
Infantry Section
Construct Platoon Command Post
Selects Indian Artillery Battlegroup
Selects Valour
Infantry Section
Unlock M3 Stuart Light Tanks
M3 Stuart Light Tank
M3 Stuart Light Tank
M3 Stuart Light Tank
M3 Stuart Light Tank
6-pounder Anti-tank Gun Team
Selects Artillery Saturation
Selects Gurkha Rifles Section
Selects Off-map Airburst Barrage
Construct Company Command Post
Light Vehicle Training
Off-map Airburst Barrage
Unlock M3 Grant Medium Tanks
Selects Volunteer Infantry
M3 Grant Medium Tank
M3 Grant Medium Tank
Unlock Towed 17-pounder Anti-tank Guns
17-pounder Anti-tank Gun Team
Off-map Airburst Barrage
17-pounder Anti-tank Gun Team
dres
YangXYZ
Aderei
GGGO
Some where in betWeen
screamingmalaki
crabdroid
Skittles13
0
0

Comments sign in to comment!

No comments posted yet!